 Dungeon Crawl Stone Soup version 0.28.0-53-g5a82cb258f (webtiles) character file.

Game seed: 14258748563316406206

50 ZappyNine the Magician (level 3, 0/26 HPs)
             Began as a Demonspawn Hedge Wizard on May 26, 2022.
             Succumbed to an adder's poison
             ... on level 2 of the Dungeon.
             The game lasted 00:02:51 (1512 turns).

ZappyNine the Magician (Demonspawn Hedge Wizard)    Turns: 1512, Time: 00:02:51

Health: 0/26       AC:  2    Str: 10    XL:     3   Next: 55%
Magic:  3/7        EV: 12    Int: 17    God:
Gold:   77         SH:  0    Dex: 12    Spells: 3/8 levels left

rFire   . . .      SeeInvis .   e - +0 dagger (venom)
rCold   . . .      Faith    .   (no shield)
rNeg    . . .      Spirit   .   b - +0 robe
rPois   .          Reflect  .   c - +0 hat
rElec   .          Harm     .   (no cloak)
rCorr   .          Rampage  .   (no gloves)
Will    .....                   (no boots)
Stlth   ++........              (no amulet)
HPRegen 0.08/turn               (no ring)
MPRegen 0.10/turn               (no ring)

@: lethally poisoned (0 -> -6), attractive, on blink cooldown
A: powered by death 1
a: no special abilities


You were on level 2 of the Dungeon.
You visited 1 branch of the dungeon, and saw 2 of its levels.

You collected 77 gold pieces.

Inventory:

Hand Weapons
 a - a +0 dagger
 e - a +0 dagger of venom (weapon)
Armour
 b - a +0 robe (worn)
 c - a +0 hat (worn)
Scrolls
 d - 2 scrolls of blinking {unknown}
 f - a scroll of torment {unknown}
 j - a scroll of immolation {unknown}
Potions
 g - a potion of berserk rage {unknown}
 h - 2 potions of heal wounds {unknown}
 i - 2 potions of attraction


   Skills:
 + Level 1.2 Fighting
 - Level 1.7 Dodging
 - Level 1.7 Stealth
 + Level 3.3 Spellcasting
 + Level 1.6 Conjurations
 + Level 1.7 Summonings
 + Level 1.5 Translocations


You had 3 spell levels left.
You knew the following spells:

 Your Spells              Type           Power      Damage    Failure   Level
a - Magic Dart            Conj           32%        1d4       9%          1
b - Blink                 Tloc           16%        N/A       14%         2
c - Call Imp              Summ           8%         N/A       13%         2

Your spell library contained the following spells:

 Spells                   Type           Power      Damage    Failure   Level
 Slow                     Hex            8%         N/A       17%         1
 Conjure Flame            Conj/Fire      5%         6-21      36%         3
 Mephitic Cloud           Conj/Pois/Air  4%         N/A       38%         3


Dungeon Overview and Level Annotations

Branches:
Dungeon (2/15)

Altars:


Innate Abilities, Weirdness & Mutations

You regenerate a little health from kills.


Message History

You closely miss the adder. The bat hits you. The adder misses you.
The adder bites you.
You are poisoned.
The adder poisons you!
You hit the adder.
The adder is poisoned.
The adder is lightly wounded.
You feel sick. The bat hits you but does no damage. The adder bites you.
The bat hits you.
You miss the adder.
The adder is lightly wounded.
You feel sick. The bat closely misses you. The adder bites you.
You are more poisoned.
The adder poisons you!
You are too injured to fight recklessly!
You are too injured to fight recklessly!
You are too injured to fight recklessly!
You are too injured to fight recklessly!
There are monsters nearby!
Unknown command.
Casting: Magic Dart (safe; 9% risk of failure)
Confirm with . or Enter, or press ? or * to list all spells.
A beastly little devil appears in a puff of flame.
You feel sick. The adder bites you.
* * * LOW HITPOINT WARNING * * *
The bat hits you but does no damage. The adder bites you.
* * * LOW HITPOINT WARNING * * *
You are more poisoned.
The adder poisons you!
Casting: Call Imp (safe; 13% risk of failure)
Confirm with . or Enter, or press ? or * to list all spells.
You blink.
Found a stone staircase leading up.
* * * LOW HITPOINT WARNING * * *
You feel very sick.
Your crimson imp blinks!
Unknown command.
* * * LOW HITPOINT WARNING * * *
You feel sick.
It was a potion of attraction.
You feel attractive to monsters.
You die...

#######......####
#.......... .#.# #
#......######.#. #
#.............. #
#####.#.###...
#.#.#<#..
######.#.#... .
#......#....### ....
#........##@#.#.....
#........#.Sr.....#
#........##bg.##..#
#.........)....#
#........§#(#.##
##.<...§..###..
#............##
#........#...#
#...5......###


You could see an adder (very poisoned), a hobgoblin, a bat and a rat.

Vanquished Creatures
  2 adders (D:2)
  A ball python (D:1)
  3 endoplasms (D:1)
  4 hobgoblins (D:1)
  3 quokkas
  3 bats (D:1)
  A frilled lizard (D:2)
  6 goblins
  3 kobolds
  3 rats (D:1)
29 creatures vanquished.

Vanquished Creatures (collateral kills)
  A frilled lizard (D:1)
1 creature vanquished.

Grand Total: 30 creatures vanquished

Notes
Turn   | Place    | Note
-------+----------+-------------------------------------------
     0 | D:1      | ZappyNine the Demonspawn Hedge Wizard began the quest for
                  | the Orb.
     0 | D:1      | Reached XP level 1. HP: 13/13 MP: 4/4
   140 | D:1      | Reached skill level 1 in Translocations
   296 | D:1      | Gained mutation: You regenerate a little health from kills.
                  | [demonic ancestry]
   296 | D:1      | Reached XP level 2. HP: 20/20 MP: 3/6
   299 | D:1      | Learned a level 2 spell: Blink
   302 | D:1      | Learned a level 2 spell: Call Imp
   704 | D:1      | Found a faded altar of an unknown god.
  1124 | D:2      | Reached skill level 1 in Fighting
  1124 | D:2      | Reached XP level 3. HP: 14/26 MP: 7/7
  1511 | D:2      | HP: 1/26 [poisoned by an adder]
  1512 | D:2      | Succumbed to an adder's poison

Illustrated notes

Levels and vault maps discovered:
D:1:      dpeg_arrival_signposts, layout_basic,
          shapermc_ecumenical_altar_mp_vishouse, st_stairs_7,
          kennysheep_flooded_box
D:2:      layout_basic, minmay_pentomino_u4

Skill      XL: |  1  2 |
---------------+-------+-----
Translocations | 1 |  1.5
Fighting       | 1 |  1.2
Dodging        | |  1.7
Stealth        | |  1.7
Spellcasting   | |  3.3
Conjurations   | |  1.6
Summonings     | |  1.7

Action                   || total
-------------------------++-------
Melee: Dagger            ||    77
       Punch             ||     3
 Cast: Magic Dart        ||    19
       Call Imp          ||     3
       Blink             ||     1
  Use: Potion            ||     1
Armor: Robe              ||    24
Dodge: Dodged            ||    65
